 Dungeon Crawl Stone Soup version 0.31-a0-188-g5e087ee2ca (webtiles) character file.

Game seed: 10433345413938157232

91 qw the Shooter (level 4, -3/25 HPs)
             Began as a Deep Elf Hunter on June 22, 2023.
             Killed by divine providence
             ... invoked by an orc priest
              (15 damage)
             ... on level 3 of the Dungeon.
             The game lasted 00:00:46 (2640 turns).

qw the Shooter (Deep Elf Hunter)                    Turns: 2640, Time: 00:00:47

Health: -3/25      AC:  7    Str: 10    XL:     4   Next: 33%
Magic:  6/6        EV: 11    Int: 14    God:
Gold:   185        SH:  0    Dex: 18    Spells: 3/3 levels left

rFire   . . .        Y - +1 shortbow
rCold   . . .        (shield currently unavailable)
rNeg    . . .        d - +0 ring mail
rPois   .            (no helmet)
rElec   .            (no cloak)
rCorr   .            b - +0 pair of gloves
SInv    .            a - +0 pair of boots
Will    .....        (no amulet)
Stlth   +            (no ring)
HPRegen 0.24/turn    (no ring)
MPRegen 0.10/turn

%: no passive effects
@: no status effects
A: no striking features
a: no special abilities


You were on level 3 of the Dungeon.
You visited 1 branch of the dungeon, and saw 3 of its levels.

You collected 185 gold pieces.


   Skills:
 - Level 1.5 Fighting
 + Level 7.7 Ranged Weapons
 - Level 2.4 Dodging
 - Level 1.2 Stealth


You had 3 spell levels left.
You didn't know any spells.
Your spell library was empty.

Inventory:

Hand Weapons
 Y - a +1 shortbow (weapon)
Armour
 a - a +0 pair of boots (worn)
 b - a +0 pair of gloves (worn)
 d - a +0 ring mail (worn)
Scrolls
 g - a scroll of identify
 i - a scroll of teleportation
Potions
 e - a potion of enlightenment
 f - a potion of haste {unknown}

Dungeon Overview and Level Annotations

Branches:
Dungeon (3/15)

Altars:
Hepliaklqana
Xom


Message History

As you read the scroll labelled ZUXIME DO FEO, it crumbles to dust.
The air around you briefly surges with heat, but it dissipates.
It was a scroll of immolation.
Done exploring.
2623 ||| READING 2 scrolls of identify.
As you read the scroll of identify, it crumbles to dust.
e - a potion of enlightenment;
2623 ||| IDENTIFYING fuming ruby potion Done exploring.
(D) Dungeon
Where to? (* - list waypoints, Enter - D:3, ? - help)
What level of the Dungeon? (default 1, ? - help) 2 orc priests come into view.
The orc priest shoots a bolt.
The bolt barely misses you.
An orc comes into view. It is wielding a +0 mace.
The orc priest moves out of view.
You shoot an arrow. The arrow barely misses the orc priest.
The orc shouts!
The orc priest shoots a bolt.
The bolt barely misses you.
You shoot an arrow. The arrow hits the orc.
The orc is moderately wounded.
The orc priest shoots a bolt.
The bolt hits you but does no damage.
You shoot an arrow. The arrow misses the orc.
The orc priest shouts!
The orc priest calls upon Beogh to heal the orc.
The orc's wounds heal themselves!
The orc priest looks encouraged for a moment.
An orc comes into view. It is wielding a +0 club.
The orc shouts!
You shoot an arrow. The arrow barely misses the orc.
The arrow hits the orc.
The orc is severely wounded.
You shoot an arrow. The arrow hits the orc.
The orc is lightly wounded.
The orc priest calls down the wrath of Beogh upon you.
Beogh smites you!
Ouch! That really hurt!
An orc priest comes into view. It is wielding a +0 club.
The orc priest calls down the wrath of Beogh upon you.
Beogh smites you!
Ouch! That really hurt!
You die...

##.##.#####.#############.####
#.^....###.#############.....
#.####................###.###
#.# ##...############.# #.#..
#.###.....# #....# #...#
#.#.#..##.# #....# #.#.#
#......##.# #....# #.#.#
#...##.##.########o...# #.#..
###.=...#...@o..o.o...###....
#.....##########o..#.......
##....# #...#.#####. ######
#...#.# #. #...#.# #.
#####.#####. #....... ########


You could see 3 orc priests and 2 orcs.

Vanquished Creatures
  An orc wizard (D:3)
  2 adders (D:2)
  2 worms
  3 orcs (D:3)
  A ball python (D:2)
  4 bats
  An endoplasm (D:1)
  A giant cockroach (D:1)
  4 goblins
  4 hobgoblins
  2 quokkas
  4 frilled lizards
  6 kobolds
  5 rats
40 creatures vanquished.

Notes
Turn   | Place    | Note
-------+----------+-------------------------------------------
     0 | D:1      | qw the Deep Elf Hunter began the quest for the Orb.
     0 | D:1      | Reached XP level 1. HP: 12/12 MP: 3/3
     0 | D:1      | 0 ||| qw: Version: 0.3-a-9-g12657ce
     0 | D:1      | 0 ||| qw: Game counter: 2871
     0 | D:1      | 0 ||| qw: Always use a shield: true
     0 | D:1      | 0 ||| qw: God list: Okawaru
     0 | D:1      | 0 ||| qw: Allow faded altars: false
     0 | D:1      | 0 ||| qw: Do Orc after D:15 true
     0 | D:1      | 0 ||| qw: Do second Lair branch before Depths: true
     0 | D:1      | 0 ||| qw: Lair rune preference: random
     0 | D:1      | 0 ||| qw: Plans: Normal
     0 | D:1      | 0 ||| PLANNING D:1-11
   262 | D:1      | You fall into a shaft and drop 1 floor!
   302 | D:2      | 302 ||| READING scroll labelled BEELOZ YLYME.
   303 | D:2      | 303 ||| DROPPING scroll of butterflies.
   309 | D:2      | 309 ||| FLEEEEING.
   310 | D:2      | 310 ||| FLEEEEING.
   311 | D:2      | 311 ||| STAIRDANCE
   471 | D:1      | Reached skill level 6 in Ranged Weapons
   471 | D:1      | Reached XP level 2. HP: 16/16 MP: 4/4
   861 | D:1      | 861 ||| UPGRADING to +0 pair of gloves.
   866 | D:1      | 866 ||| DROPPING +6 ring of intelligence.
   867 | D:1      | 867 ||| READING scroll labelled ZYOB VUETYC.
   868 | D:1      | 868 ||| READING scroll labelled CUDUIR SITO.
   872 | D:1      | 872 ||| DRINKING 2 fizzy brown potions.
   882 | D:1      | 882 ||| DROPPING potion of ambrosia.
   994 | D:2      | Reached XP level 3. HP: 18/20 MP: 5/5
  1112 | D:2      | Reached skill level 7 in Ranged Weapons
  1786 | D:2      | 1786 ||| READING scroll labelled VOCKOD JARPH.
  1787 | D:2      | 1787 ||| READING scroll labelled YKISOC ELUSCH.
  1788 | D:2      | 1788 ||| READING scroll labelled CURUIHENINK.
  1889 | D:2      | 1889 ||| READING 2 scrolls of identify.
  1889 | D:2      | 1889 ||| IDENTIFYING sapphire potion
  1890 | D:2      | 1890 ||| DROPPING potion of berserk rage.
  2003 | D:3      | Reached XP level 4. HP: 8/25 MP: 6/6
  2387 | D:3      | Found a shimmering altar of Xom.
  2393 | D:3      | Found a hazy altar of Hepliaklqana.
  2394 | D:3      | Noticed a spectral ugly thing
  2605 | D:3      | 2605 ||| UPGRADING to +0 pair of boots.
  2610 | D:3      | 2610 ||| UPGRADING to +0 ring mail.
  2620 | D:3      | 2620 ||| DROPPING +0 leather armour.
  2621 | D:3      | 2621 ||| DROPPING ring of wizardry.
  2622 | D:3      | 2622 ||| READING scroll labelled ZUXIME DO FEO.
  2623 | D:3      | 2623 ||| READING 2 scrolls of identify.
  2623 | D:3      | 2623 ||| IDENTIFYING fuming ruby potion
  2640 | D:3      | Killed from afar by an orc priest

Levels and vault maps discovered:
D:1:      dpeg_arrival_yet_another_circle, layout_basic, minmay_heptomino_h4
D:2:      layout_basic, chequers_big_river, minmay_misc_feat_doors,
          grunt_ministairs_13, chequers_decorated_corner
D:3:      layout_basic, regret_index_temple_of_mockery

Skill      XL: |  1  2  3 |
---------------+----------+-----
Ranged Weapons | 6 7 |  7.7
Fighting       | |  1.5
Dodging        | |  2.4
Stealth        | |  1.2

Action                     |  1- 3 |  4- 6 || total
---------------------------+-------+-------++-------
   Fire: Shortbow          |   101 |    27 ||   128
    Use: Scroll            |     7 |     2 ||     9
         Potion            |     1 |       ||     1
 Armour: Leather armour    |     9 |     2 ||    11
         Ring mail         |       |     1 ||     1
  Dodge: Dodged            |    16 |     5 ||    21

Table legend:
 A = Non-vault XP
 B = Vault XP
 C = Vault XP percentage of total XP
 D = Non-vault monster count
 E = Vault monster count
 F = Vault count percentage of total count
                 A         B        C        D         E       F
            +---------+---------+-------+---------+---------+-------
      Total |     109 |      21 |  16.2 |      34 |       6 |  15.0
            +---------+---------+-------+---------+---------+-------
        D:1 |       9 |       6 |  40.0 |       6 |       4 |  40.0
        D:2 |      39 |      15 |  27.8 |      15 |       2 |  11.8
        D:3 |      61 |       0 |   0.0 |      13 |       0 |   0.0
            +---------+---------+-------+---------+---------+-------
